 Dungeon Sprint DCSS version 0.23.1 (webtiles) character file.

Game seed: 12845815946703167112

418 nuthulu the Fighter (level 6, 0/94 HPs)
             Began as a Minotaur Fighter on Mar 5, 2019.
             Was an Initiate of Okawaru.
             Slain by a demonic crawler (5 damage)
             ... summoned by a deep elf mage
             ... in the Dungeon (Sprint III: "The Ten Rune Challenge").
             The game lasted 00:01:34 (520 turns).

nuthulu the Fighter (Minotaur Fighter)               Turns: 520, Time: 00:01:34

Health: 0/94       AC:  8    Str: 27    XL:     6   Next: 61%
Magic:  5/5        EV:  9    Int:  5    God:    Okawaru [......]
Gold:   41         SH: 12    Dex: 10    Spells: 5/5 levels left

rFire    . . .     SeeInvis .   a - +0 war axe
rCold    . . .     Gourm    .   c - +0 shield
rNeg     . . .     Faith    .   b - +0 scale mail
rPois    .         Spirit   .   (helmet restricted)
rElec    .         Reflect  .   (no cloak)
rCorr    .         Harm     .   (no gloves)
MR       .....     NoTele   +   (no boots)
Stlth    ..........             (no amulet)
HPRegen  0.25/turn              (no ring)
MPRegen  0.09/turn              (no ring)

@: mighty, berserking, very quick
A: retaliatory headbutt, horns 2
a: Renounce Religion


You were in the Dungeon.
You worshipped Okawaru.
Okawaru was noncommittal.
You were not hungry.

You visited 1 branch You collected 41 gold pieces.

Inventory:

Hand Weapons
 a - a +0 war axe (weapon)
Armour
 b - a +0 scale mail (worn)
 c - a +0 shield (worn)
Scrolls
 k - a scroll of blinking
 m - a scroll of torment {unknown}
 o - 2 scrolls of remove curse {unknown}
 q - a scroll of immolation {unknown}
Potions
 e - a potion of curing
 h - a potion of haste
 i - 2 potions of magic
 l - 2 potions of mutation
 p - a potion of resistance
 s - a potion of agility {unknown}
Comestibles
 f - 3 rations
 n - 3 chunks of flesh


   Skills:
 + Level 9.3 Fighting
 + Level 8.9 Axes
 + Level 9.3 Armour
 + Level 9.3 Shields
 + Level 0.0 Invocations


You had 5 spell levels left.
You didn't know any spells.
Your spell library was empty.

Dungeon Overview and Level Annotations

Branches:
Dungeon (1/1)

Altars:
Elyvilon
Okawaru
Trog
Uskayaw
Wu Jian
Zin
The Shining One
Beogh


Innate Abilities, Weirdness & Mutations

You reflexively headbutt those who attack you in melee.
You have a pair of horns on your head.


Message History

The redback bites you!
* * * LOW HITPOINT WARNING * * *
You block the demonic crawler's attack. x2
The demonic crawler completely misses you.
Unknown command.
A red film seems to cover your vision as you go berserk!
You feel yourself moving faster!
You feel mighty! You block the redback's attack.
You block the demonic crawler's attack. The demonic crawler hits you!
* * * LOW HITPOINT WARNING * * *
The demonic crawler hits you but does no damage.
The deep elf mage casts a spell at you.
The bolt of negative energy misses the demonic crawler.
The bolt of negative energy misses you. The redback bites you!
* * * LOW HITPOINT WARNING * * *
You hit the demonic crawler but do no damage.
Your headbutt misses the demonic crawler.
You slash the redback! You block the demonic crawler's attack.
The demonic crawler hits you.
You die...

▓▓▓▓▓▓ ▓▓▓ .'...♣♣♣♣
♣.######### !#......♣
♣♣.#__e#___# ##....♣.♣
♣..#.ss#__.#
.#....≈.♣♣♣..###@#)###+##
.#...≈≈...♣..#..........#
.#..≈≈≈≈.♣...'.⌠........#
'#..≈≈≈≈†≈...#...######+#
†#.≈≈≈≈≈≈....#.⌠.#
.#.≈≈≈≈≈.....#...#
.#.≈≈≈.......#+###
##...........#
.............#


You could see a demonic crawler, a deep elf mage and a redback.

Vanquished Creatures
  A water elemental (D)
  A scorpion (D)
  Jessica (D)
  3 humans (D)
  3 rats (D)
9 creatures vanquished.

Vanquished Creatures (others)
  2 draconian scorchers (D)
  6 hellions (D)
  2 yaktaurs (D)
10 creatures vanquished.

Grand Total: 19 creatures vanquished

Notes
Turn   | Place    | Note
-------+----------+-------------------------------------------
     0 | D        | nuthulu the Minotaur Fighter began the quest for the Orb.
     0 | D        | Reached XP level 1. HP: 19/19 MP: 0/0
    19 | D        | Noticed Jessica
    29 | D        | Killed Jessica
    29 | D        | Reached skill level 5 in Fighting
    29 | D        | Reached skill level 5 in Armour
    29 | D        | Reached skill level 5 in Shields
    29 | D        | Reached XP level 2. HP: 29/29 MP: 1/1
    80 | D        | Reached XP level 3. HP: 20/36 MP: 2/2
    93 | D        | Killed a hellion
    95 | D        | Killed a hellion
    96 | D        | Killed a hellion
    97 | D        | Killed a hellion
    97 | D        | Killed a hellion
   102 | D        | Killed a white draconian scorcher
   122 | D        | Killed a hellion
   153 | D        | Noticed a scorpion
   159 | D        | Killed a white draconian scorcher
   160 | D        | Killed a yaktaur
   169 | D        | Killed a scorpion
   169 | D        | Reached skill level 5 in Axes
   169 | D        | Reached XP level 4. HP: 26/45 MP: 3/3
   311 | D        | Killed a yaktaur
   324 | D        | Noticed a water elemental
   333 | D        | Killed a water elemental
   333 | D        | Reached XP level 5. HP: 52/52 MP: 4/4
   347 | D        | Found a hide-covered altar of Uskayaw.
   347 | D        | Found an iron altar of Okawaru.
   352 | D        | Found a roughly hewn altar of Beogh.
   352 | D        | Found a bloodstained altar of Trog.
   352 | D        | Found an ornate altar of the Wu Jian Council.
   352 | D        | Noticed a human
   352 | D        | Noticed a human
   368 | D        | Killed a human
   368 | D        | Reached XP level 6. HP: 29/62 MP: 5/5
   369 | D        | Killed a human
   376 | D        | Became a worshipper of Warmaster Okawaru
   511 | D        | Found a glowing silver altar of Zin.
   511 | D        | Found a glowing golden altar of the Shining One.
   511 | D        | Found a white marble altar of Elyvilon.
   511 | D        | Noticed a deep elf mage
   513 | D        | Noticed a demonic crawler
   513 | D        | Noticed a redback
   520 | D        | Slain by a demonic crawler

Skill      XL: |  1  2  3  4  5  6 |
---------------+-------------------+-----
Fighting       | 5 6 7 8 9 |  9.3
Axes           | 4 5 6 7 8 |  8.9
Armour         | 5 6 7 8 9 |  9.3
Shields        | 5 6 7 8 9 |  9.3

Action                   |  1- 3 |  4- 6 || total
-------------------------+-------+-------++-------
Melee: War axe           |    42 |    25 ||    67
       Headbutt          |     8 |     2 ||    10
  Use: Scroll            |       |     3 ||     3
       Potion            |       |     4 ||     4
Armor: Scale mail        |    14 |    10 ||    24
Dodge: Dodged            |    13 |    17 ||    30
Block: Shield            |    23 |    24 ||    47
